AoeStats
← yau-hoi

Migration

507706000Analyzed
1v1 RM · 14d ago on Sep 19, 2026· 88m 28s· 2 players
Game mode
Random Map
Map size
132×132
Population
200
Speed
Normal
Resources
Standard
Victory
Conquest
Starting age
Dark Age
Ending age
Imperial Age
RankedLock teamsTeams togetherTeam positionsShared explorationLock speedFull tech treeHidden civsTurbo modeCheats
Victory
Defeat
🇪🇸 Malay · Spain
1055
+15
🇦🇺 Byzantines · Australia
1040
-15
yau-hoi
3:48 Loom
12:24 Feudal Age
21:57 Castle Age
19:49 Double-Bit Axe
20:07 Gold Mining
29:54 Horse Collar
33:12 Scale Barding Armor
35:23 Bow Saw
36:11 Stone Mining
36:59 Wheelbarrow
38:20 Hand Cart
41:55 Imperial Age
41:22 Heavy Plow
43:34 Crop Rotation
46:41 Cavalier
47:22 Husbandry
48:03 Ballistics
47:39 Murder Holes
49:35 Ballistics
48:56 Treadmill Crane
49:13 Murder Holes
49:45 Chain Barding Armor
49:36 Forging
52:00 Conscription
53:04 Gold Shaft Mining
52:22 Paladin
57:58 Plate Barding Armor
59:32 Iron Casting
60:08 Elite Cataphract
61:43 Fletching
64:10 Chemistry
64:54 Elite Skirmisher
65:31 Bodkin Arrow
Th3_B0rg
11:18 Feudal Age
10:53 Double-Bit Axe
15:58 Town Watch
17:03 Fishing Lines
19:15 Loom
21:31 Castle Age
21:50 Medium Warships
21:32 Gillnets
22:33 Bow Saw
27:22 Wheelbarrow
32:03 Imperial Age
29:30 Gold Mining
31:16 Thalassocracy
31:07 Fletching
32:01 Hand Cart
33:03 Bodkin Arrow
34:26 Chemistry
36:02 Conscription
35:35 Elite Cannon Galleon
36:17 Bracer
36:03 Treadmill Crane
36:34 Masonry
38:43 Pikeman
39:24 Squires
39:43 Horse Collar
40:44 Man-at-Arms
42:04 Capped Ram
42:09 Long Swordsman
43:10 Forced Levy
43:34 Heavy Plow
44:55 Heavy Warships
44:45 Careening
44:43 Siege Engineers
45:35 Demolition Ship
48:34 Town Patrol
48:55 Two-Handed Swordsman
49:47 Forging
50:18 Halberdier
50:45 Arson
53:31 Iron Casting
53:03 Scale Barding Armor
55:30 Blast Furnace
72:02 Elite Battle Elephant
73:19 Murder Holes
Connection lost

Rejoining the realm…

Still unreachable

The connection could not be restored.

Session expired

The server has moved on; the page needs a fresh start.